 Dungeon Crawl Stone Soup version 0.32-a0-433-g08bcfe7efd (webtiles) character file.

Game seed: 13160618789421079209

9447 Dittersdorf the Fighter (level 11, -1/76 HPs)
             Began as a Gargoyle Fighter on Feb 22, 2024.
             Was an Initiate of Gozag.
             Slain by a hornet (5 damage)
             ... on level 9 of the Dungeon.
             The game lasted 00:11:19 (8675 turns).

Dittersdorf the Fighter (Gargoyle Fighter)          Turns: 8675, Time: 00:11:20

Health: -1/76      AC: 30    Str: 29    XL:     11   Next: 46%
Magic:  11/11      EV:  7    Int: 10    God:    Gozag
Gold:   1245       SH:  6    Dex:  9    Spells: 10/10 levels left

rFire   + . .        u - +1 morningstar
rCold   . . .        c - +0 buckler
rNeg    + . .        f - +0 plate armour
rPois   ∞            y - +0 hat
rElec   +            E - +2 cloak {Stlth+}
rCorr   .            t - +0 pair of gloves
SInv    .            B - +1 pair of boots {Stlth+}
Will    .....        (no amulet) Stlth
                     i - +6 ring of strength
HPRegen 0.32/turn    v - ring of protection from fire
MPRegen 0.12/turn

%: no passive effects
@: studying 2 skills
A: sickness immunity, AC +8, negative energy resistance 1, electricity
resistance, torment resistance 1, petrification resistance
a: Renounce Religion, Potion Petition, Call Merchant, Bribe Branch


You were on level 9 of the Dungeon.
You worshipped Gozag.
Gozag was most pleased with you.
You visited 2 branches of the dungeon, and saw 10 of its levels.
You also visited: Ossuary and Bailey.

You collected 1351 gold pieces.
You paid 106 gold pieces to Gozag.

Inventory:

Hand Weapons
 u - a +1 morningstar (weapon)
Armour
 c - a +0 buckler (worn)
 f - a +0 plate armour (worn)
 t - a +0 pair of gloves (worn)
 y - a +0 hat (worn)
 B - a +1 pair of boots of stealth (worn)
 E - a +2 cloak of stealth (worn)
Jewellery
 i - a +6 ring of strength (left hand)
 p - a ring of fire
 v - a ring of protection from fire (right hand)
Wands
 r - a wand of quicksilver (23)
 w - a wand of flame (18) (quivered)
 D - a wand of iceblast (8)
Scrolls
 e - a scroll of revelation
 g - a scroll of teleportation
 h - 2 scrolls of fog
 l - 3 scrolls of enchant weapon
 n - 2 scrolls of fear
 o - 2 scrolls of enchant armour
 x - a scroll of vulnerability
 A - 2 scrolls of summoning
Potions
 a - a potion of magic {unknown}
 b - a potion of berserk rage
 d - a potion of might
 j - a potion of mutation {unknown}
 k - 2 potions of heal wounds
 m - a potion of invisibility
 q - 5 potions of curing
 s - 3 potions of haste
 z - a potion of brilliance
 C - a potion of cancellation {unknown}


   Skills:
 + Level 12.5 Fighting
 + Level 9.1 Maces & Flails
 + Level 10.2 Armour
 + Level 10.3 Shields


You had 10 spell levels left.
You didn't know any spells.
Your spell library contained the following spells:

 Spells                   Type           Power      Damage    Failure   Level
 Sandblast                Erth           0%         2d4       97%         1
 Summon Small Mammal      Summ           0%         N/A       97%         1
 Call Canine Familiar     Summ           0%         N/A       100%        3
 Hailstorm                Conj/Ice       0%         3d5       100%        3
 Passwall                 Erth           0%         N/A       100%        3
 Stone Arrow              Conj/Erth      0%         3d7       100%        3
 Summon Ice Beast         Ice/Summ       0%         N/A       100%        3
 Brom's Barrelling Bould  Conj/Erth      0%         2d3       100%        4
 Leda's Liquefaction      Alch/Erth      0%         N/A       100%        4
 Summon Blazeheart Golem  Fire/Summ      0%         N/A       100%        4
 Lee's Rapid Deconstruct  Erth           0%         3d4*      100%        5
 Bombard                  Conj/Erth      0%         9d1       100%        6
 Sculpt Simulacrum        Ice/Alch       0%         N/A       100%        6


Dungeon Overview and Level Annotations

Branches:
Dungeon (9/15)             Temple (1/1) D:7         Ossuary (visited)
 Bailey (visited)
   Lair: D:8-11         Orc: D:9-12

Altars:
Ashenzari
Cheibriados
Dithmenos
Elyvilon
Fedhas
Gozag
Hepliaklqana
Kikubaaqudgha
Makhleb
Nemelex Xobeh
Okawaru
Qazlal
Ru
Sif Muna
Trog
Uskayaw
Wu Jian
Xom
Yredelemnul
Zin
The Shining One

Shops:
D:6 [


Innate Abilities, Weirdness & Mutations

You are immune to sickness and miasma.
Your stone body is resilient. (AC +8)
You are immune to poison.
You resist negative energy. (rN+)
You are resistant to electric shocks. (rElec)
You are resistant to unholy torment.
You are immune to petrification.


Message History

The water moccasin bites you but does no damage.
The hornet attacks as it pursues you! The hornet closely misses you.
The hornet attacks as it pursues you! You block the hornet's attack.
The hornet closely misses you. The hornet attacks as it pursues you!
The hornet stings you but does no damage.
The water moccasin attacks as it pursues you!
The water moccasin barely misses you. The hornet attacks as it pursues you!
The hornet stings you!
* * * LOW HITPOINT WARNING * * *
The hornet stings you but does no damage.
The water moccasin attacks as it pursues you!
The water moccasin completely misses you.
The water moccasin bites you but does no damage.
The hornet attacks as it pursues you! You block the hornet's attack.
Items here: ((( )))).
The hornet attacks as it pursues you! The hornet stings you.
* * * LOW HITPOINT WARNING * * *
The water moccasin attacks as it pursues you!
The water moccasin bites you.
* * * LOW HITPOINT WARNING * * *
The water moccasin bites you but does no damage.
You see here a +0 short sword.
The hornet barely misses you. The hornet attacks as it pursues you!
You block the hornet's attack.
The water moccasin attacks as it pursues you!
The water moccasin bites you but does no damage.
You block the hornet's attack.
The water moccasin bites you but does no damage.
There is an open door here.
The hornet closely misses you. The hornet barely misses you.
You block the hornet's attack. The hornet attacks as it pursues you!
The hornet stings you but does no damage.
The hornet stings you!
* * * LOW HITPOINT WARNING * * *
The hornet attacks as it pursues you! The hornet stings you.
You die...
Your body crumbles into a pile of gold.

#...# ###'#####...#.... o...#
#...###........ ....#
###.o.#........ #####
###.#........ #
######.#........ #
#######............... #
#............S>.......
#.......######y..#... #.......#
#.#@###### #.......####.#.# #.#
#............#.####.#
######.#####.#.#....###########
#...........##............
#######.#.#.##############
#.#...# #.#...# #.#...#


You could see a hornet, a water moccasin and an orc.

Vanquished Creatures
  Gastronok (D:8)
  2 vault guards (Bailey)
  A two-headed ogre (D:8)
  A centaur warrior (D:8)
  A deep elf pyromancer (D:8)
  A blink frog (Bailey)
  Prince Ribbit (D:5)
  Sigmund (D:2)
  2 wyverns
  Eustachio (D:5)
  3 yaks (D:8)
  3 humans (Bailey)
  An orc warrior (D:6)
  2 sky beasts
  3 ice beasts
  A black bear (D:7)
  2 ogres
  A phantom (D:6)
  3 kobold brigands
  9 bullfrogs
  11 scorpions
  7 crimson imps
  2 howler monkeys (D:7)
  2 hounds (D:4)
  2 centaur zombies (Ossuary)
  3 human zombies (Ossuary)
  A bombardier beetle (D:7)
  An orc priest (D:3)
  A sleepcap (D:7)
  4 jellies
  Natasha (thrice) (D:2)
  3 scorpion zombies (Ossuary)
  3 iguanas
  2 orc wizards
  Ijyb (D:5)
  3 mummies (Ossuary)
  11 adders
  A shadow imp (D:6)
  5 white imps
  A ribbon worm zombie (D:4)
  3 adder zombies (Ossuary)
  A dart slug (D:5)
  A ribbon worm (D:3)
  17 orcs
  7 ball pythons
  7 bats
  5 endoplasms
  16 giant cockroaches
  A gnoll zombie (Ossuary)
  11 goblins
  6 hobgoblins
  5 quokkas
  2 ball python zombies (Ossuary)
  2 frilled lizards
  5 jackal zombies (Ossuary)
  21 kobolds
  3 orc zombies (Ossuary)
  2 rats
222 creatures vanquished.

Vanquished Creatures (others)
  Maurice (D:8)
1 creature vanquished.

Grand Total: 223 creatures vanquished

Notes
Turn   | Place    | Note
-------+----------+-------------------------------------------
     0 | D:1      | Dittersdorf the Gargoyle Fighter began the quest for the
                  | Orb.
     0 | D:1      | Reached XP level 1. HP: 14/14 MP: 1/1
    63 | D:1      | Reached XP level 2. HP: 19/19 MP: 2/2
   455 | D:2      | Noticed Sigmund
   535 | D:2      | Reached XP level 3. HP: 18/24 MP: 3/3
   557 | D:2      | Reached XP level 4. HP: 16/29 MP: 4/4
   754 | D:2      | Noticed Natasha
   759 | D:2      | Killed Natasha
   760 | D:2      | Reached skill level 4 in Fighting
   962 | D:2      | Killed Sigmund
   963 | D:2      | Reached XP level 5. HP: 6/34 MP: 5/5
   963 | D:2      | Reached XP level 6. HP: 7/39 MP: 6/6
  1138 | D:2      | Noticed Natasha
  1143 | D:2      | Killed Natasha
  1429 | D:2      | Noticed Natasha
  1449 | D:2      | Killed Natasha
  2366 | D:4      | Reached skill level 5 in Fighting
  2366 | D:4      | Reached skill level 5 in Shields
  2370 | D:4      | Reached skill level 5 in Armour
  2413 | D:4      | Reached XP level 7. HP: 25/44 MP: 7/7
  2590 | D:4      | Found a sand-covered staircase.
  2602 | Ossuary  | Entered an ossuary
  2771 | Ossuary  | Reached XP level 8. HP: 51/51 MP: 8/8
  2882 | Ossuary  | Reached skill level 6 in Fighting
  2892 | Ossuary  | Reached skill level 5 in Maces & Flails
  3579 | D:5      | Entered Level 5 of the Dungeon
  3934 | D:5      | Noticed Ijyb
  3939 | D:5      | Killed Ijyb
  3954 | D:5      | Noticed Prince Ribbit
  3976 | D:5      | Killed Prince Ribbit
  3977 | D:5      | Reached XP level 9. HP: 33/56 MP: 9/9
  4129 | D:5      | Noticed Eustachio
  4137 | D:5      | Reached skill level 7 in Fighting
  4170 | D:5      | Killed Eustachio
  4338 | D:5      | Identified a scroll of acquirement
  4339 | D:5      | Acquired a manual of Fighting
  4510 | D:5      | Found a burning altar of Makhleb.
  4790 | D:6      | Found Saidyih's Antique Armour Shoppe.
  5116 | D:6      | Reached skill level 8 in Fighting
  5871 | D:7      | Found a staircase to the Ecumenical Temple.
  5911 | Temple   | Entered the Ecumenical Temple
  5921 | Temple   | Became a worshipper of Gozag Ym Sagoz the Greedy
  5993 | D:7      | Reached skill level 9 in Fighting
  6150 | D:7      | Reached XP level 10. HP: 66/66 MP: 10/10
  6481 | D:8      | Noticed Gastronok
  6499 | D:8      | Killed Gastronok
  6500 | D:8      | Reached skill level 10 in Fighting
  6525 | D:8      | Found a flagged portal.
  6614 | Bailey   | Entered a bailey
  6979 | Bailey   | Noticed a vault guard
  6992 | Bailey   | Killed a vault guard
  6993 | Bailey   | Reached skill level 11 in Fighting
  7061 | Bailey   | Noticed a vault guard
  7079 | Bailey   | Killed a vault guard
  7080 | Bailey   | Reached XP level 11. HP: 59/76 MP: 11/11
  7311 | D:8      | Noticed a centaur warrior
  7329 | D:8      | Killed a centaur warrior
  7333 | D:8      | Reached skill level 12 in Fighting
  7600 | D:8      | Noticed a deep elf pyromancer
  7618 | D:8      | Killed a deep elf pyromancer
  7619 | D:8      | Reached skill level 10 in Armour
  7619 | D:8      | Reached skill level 10 in Shields
  7964 | D:8      | Noticed a two-headed ogre
  7971 | D:8      | Killed a two-headed ogre
  8111 | D:8      | Noticed Maurice
  8141 | D:8      | Killed Maurice
  8675 | D:9      | Slain by a hornet

Illustrated notes

Levels and vault maps discovered:
D:1:      zelgadis_glass_arrival_small, layout_rooms
D:2:      minmay_roachtagon, layout_rooms, uniq_sigmund, uniq_natasha
D:3:      layout_rooms, chequers_jeans
D:4:      layout_basic, enter_ossuary_3
D:5:      layout_cave_pods, makhleb_grotto_becter, minmay_door_square,
          minmay_manual_moon, uniq_ijyb, uniq_prince_ribbit1, uniq_eustachio
D:6:      layout_cave_pods, serial_shops, shop, lightli_orcish_oven
D:7:      layout_basic, minmay_temple_entry_enclosed_plants, minmay_nine_imps
D:8:      layout_basic, enter_bailey_5, uniq_maurice, uniq_gastronok
D:9:      layout_basic
Temple:   nicolae_temple_slightly_damp_pantheon

Skill      XL: |  1  2  3  4  5  6  7  8  9 10 11 |
---------------+----------------------------------+-----
Fighting       | 4 5 6 9 11 12 | 12.5
Armour         | 4 5 6 8 9 10 | 10.2
Shields        | 4 5 7 8 9 10 | 10.3
Maces & Flails | 3 4 5 7 8 9 |  9.1

Action                     |  1- 3 |  4- 6 |  7- 9 | 10-12 || total
---------------------------+-------+-------+-------+-------++-------
  Melee: Flail             |    86 |   148 |       |       ||   234
         Morningstar       |       |    27 |   434 |   245 ||   706
  Evoke: Wand              |       |       |       |     1 ||     1
    Use: Scroll            |       |    11 |     8 |     6 ||    25
         Potion            |       |       |       |     1 ||     1
   Stab: Distracted        |       |       |       |     1 ||     1
 Armour: Scale mail        |    90 |     8 |       |       ||    98
         Chain mail        |       |   164 |   398 |   101 ||   663
         Plate armour      |       |       |       |   180 ||   180
  Dodge: Dodged            |    90 |    91 |   260 |   110 ||   551
  Block: Buckler           |    36 |    53 |   127 |    96 ||   312

Table legend: (Time is in decaauts)
 A = Elapsed time spent in this place.
 B = Non-inter-level travel time spent in this place.
 C = Inter-level travel time spent in this place.
 D = Time resting spent in this place.
 E = Time spent auto-exploring this place.
 F = Levels seen in this place.
 G = Mean time per level.
                   A        B        C        D        E       F      G
               +--------+--------+--------+--------+--------+-----+--------+
         Total |   8891 |   8546 |    345 |   1420 |   4727 |  12 |  740.9 |
       Dungeon |   7802 |   7457 |    345 |   1086 |   4520 |   9 |  866.9 |
        Temple |     22 |     22 |      0 |      0 |      0 |   1 |   22.0 |
       Ossuary |    456 |    456 |      0 |      0 |    207 |   1 |  456.0 |
        Bailey |    610 |    610 |      0 |    334 |      0 |   1 |  610.0 |
               +--------+--------+--------+--------+--------+-----+--------+

Top non-repeatable levels by time:
     D:8: 1374 daAuts
     D:5: 1229 daAuts
     D:2: 1184 daAuts
     D:6: 857 daAuts
     D:7: 838 daAuts
     D:3: 779 daAuts
     D:1: 666 daAuts
     D:4: 629 daAuts
  Bailey: 610 daAuts
 Ossuary: 456 daAuts
     D:9: 243 daAuts
  Temple: 22 daAuts
